 Dungeon Crawl Stone Soup version 0.21.1-1-g345015f (webtiles) character file.

1430 Lilu the Magician (level 8, -25/41 HPs)
             Began as a Deep Elf Fire Elementalist on July 21, 2018.
             Was an Initiate of Sif Muna.
             Killed from afar by Rwicked's ghost (36 damage)
             ... with a blast of rock fragments
             ... on level 6 of the Dungeon.
             The game lasted 01:20:53 (7253 turns).

Lilu the Magician (Deep Elf Fire Elementalist)      Turns: 7253, Time: 01:20:57

Health: -25/41     AC:  2    Str:  5    XL:     8   Next: 44%
Magic:  0/21       EV: 14    Int: 23    God:    Sif Muna [......]
Gold:   336        SH:  0    Dex: 15    Spells: 9/22 levels left

rFire    . . .     SeeInvis .   A - -3 shortbow (curse)
rCold    . . .     Gourm    .   (shield currently unavailable)
rNeg     . . .     Faith    .   a - +0 robe
rPois    .         Spirit   .   (no helmet)
rElec    .         Reflect  .   (no cloak)
rCorr    .         Harm     .   (no gloves)
MR       .....                  (no boots)
Stlth    ++........             w - amulet of regeneration
HPRegen  0.53/turn              q - ring of wizardry
MPRegen  0.17/turn              (no ring)

@: no status effects
A: no striking features
a: Renounce Religion


You were on level 6 of the Dungeon.
You worshipped Sif Muna.
Sif Muna was noncommittal.
You were not hungry.

You visited 2 branches of the dungeon, and saw 7 of its levels.

You collected 336 gold pieces.

Inventory:

Hand Weapons
 v - a +0 hand axe
 A - a cursed -3 shortbow (weapon)
 N - a +0 war axe
 O - a +0 flail of venom
Missiles
 e - 196 stones
 f - 22 poisoned needles
 i - 19 bolts
 o - 4 arrows (quivered)
 r - 4 large rocks
 C - 3 curare-tipped needles
 F - 35 sling bullets
Armour
 a - a +0 robe (worn)
 y - a +0 robe
 B - a +0 robe
 G - a +0 robe
Jewellery
 q - a ring of wizardry (left hand)
 w - an amulet of regeneration (around neck)
 J - a cursed ring of loudness {unknown}
 K - a cursed ring of loudness {unknown}
Scrolls
 d - 2 scrolls of teleportation
 m - 2 scrolls of amnesia
 n - 10 scrolls of identify
 p - 2 scrolls of immolation
 t - a scroll of fog
 H - a scroll of random uselessness {unknown}
 I - 2 scrolls of blinking {unknown}
 M - a scroll of enchant weapon
Potions
 g - a potion of haste
 h - a potion of curing {unknown}
 j - 2 potions of ambrosia {unknown}
 k - a potion of degeneration {unknown}
 l - a potion of magic {unknown}
 s - a potion of flight {unknown}
 u - a potion of heal wounds {unknown}
 x - a potion of agility {unknown}
 z - a potion of berserk rage {unknown}
 E - a potion of mutation {unknown}
Books
 b - a book of Flames

   Spells                             Type                      Level
   a - Flame Tongue                   Conjuration/Fire             1
   b - Throw Flame                    Conjuration/Fire             2
   c - Conjure Flame                  Conjuration/Fire             3
   d - Inner Flame                    Hexes/Fire                   3
   e - Sticky Flame                   Conjuration/Fire             4
   f - Fireball                       Conjuration/Fire             5
 D - a book of Misfortune

   Spells                             Type                      Level
   a - Confusing Touch                Hexes                        1
   b - Confuse                        Hexes                        3
   c - Gell's Gravitas                Translocation                3
   d - Petrify                        Transmutation/Earth          4
   e - Metabolic Englaciation         Hexes/Ice                    5
   f - Yara's Violent Unravelling     Hexes/Transmutation          5
Comestibles
 c - 7 rations
 L - 2 chunks of flesh


   Skills:
 - Level 1.9 Bows
 + Level 0.2 Throwing
 + Level 3.9 Dodging
 - Level 2.6 Stealth
 + Level 7.6 Spellcasting
 + Level 6.8 Conjurations
 + Level 6.8 Fire Magic
 + Level 0.3 Invocations


You had 9 spell levels left.
You knew the following spells:

 Your Spells              Type           Power        Failure   Level  Hunger
a - Flame Tongue          Conj/Fire      #####        1%          1    None
b - Conjure Flame         Conj/Fire      #####...     1%          3    None
c - Sticky Flame          Conj/Fire      #####...     1%          4    ###....
d - Fireball              Conj/Fire      #####.....   4%          5    #####..


Dungeon Overview and Level Annotations

Branches:
Dungeon (6/15)             Temple (1/1) D:4

Altars:
Ashenzari
Cheibriados
Dithmenos
Elyvilon
Fedhas
Gozag
Hepliaklqana
Kikubaaqudgha
Makhleb
Nemelex Xobeh
Okawaru
Qazlal
Ru
Sif Muna
Trog
Uskayaw
Vehumet
Wu Jian
Xom
Yredelemnul
Zin
The Shining One

Annotations:
D:5 shugdite's ghost, novice MiFi
D:6 Rwicked's ghost, novice GrEE


Message History

The flame tongue misses Rwicked's ghost.
Rwicked's ghost hits you.
* * * LOW HITPOINT WARNING * * *
There isn't anything here!
Casting: Flame Tongue
Confirm with . or Enter, or press ? or * to list all spells.
Aiming: Sticky Flame
Press: ? - help, Shift-Dir - straight line, f/p - Rwicked's ghost
Aim: Rwicked's ghost (almost destroyed)
The sticky flame hits Rwicked's ghost.
Rwicked's ghost is almost destroyed.
Rwicked's ghost hits you.
* * * LOW HITPOINT WARNING * * *
Rwicked's ghost gestures at the adder while chanting.
The wall shatters!
The blast of rock fragments hits the adder.
The adder dies!
The blast of rock fragments hits you!
Ouch! That really hurt!
You die...

##.########..##.##
##...........##..## .
#..#..####...##..)### ...
##.##..# #.......))..##
.....##...#.####............##
..........#.###......####..)..
.#######..#.#.......## ###...
≈≈ #.##.W.......# ###. ≈.r
+.....@.....## ##
≈≈≈≈#...#.##....##### ##.
≈r≈w#...## ###......#####..
#####...# ##...........#
......#.######..#######..##
......#.....)...## #..##
............#....# #..##
.................## #..##
.###..............#####..#.


You could see a worm and Rwicked's ghost.

Vanquished Creatures
  An orc warrior (D:6)
  2 phantoms
  3 ogres
  A centaur (D:4)
  The ghost of Labyrinth the Insei, an amateur MfTm (D:4)
  A scorpion (D:4)
  A centaur zombie (D:5)
  A bullfrog zombie (D:5)
  A bullfrog skeleton (D:5)
  2 hounds
  A jelly (D:5)
  4 orc wizards
  2 orc priests
  5 worker ants
  A hound skeleton (D:5)
  4 gnolls (D:5)
  A howler monkey skeleton (D:5)
  6 adders
  2 oozes
  2 adder skeletons
  3 dart slugs
  A worm (D:4)
  3 leopard geckos
  8 orcs
  A giant cockroach (D:4)
  6 goblins
  9 hobgoblins
  5 jackals
  6 kobolds
  4 quokkas
  A ball python (D:1)
  5 bats
  3 frilled lizards
  A jackal skeleton (D:5)
  6 rats
104 creatures vanquished.

Vanquished Creatures (others)
  An adder (D:6)
  A bat (D:3)
2 creatures vanquished.

Grand Total: 106 creatures vanquished

Notes
Turn   | Place    | Note
-------+----------+-------------------------------------------
     0 | D:1      | Lilu the Deep Elf Fire Elementalist began the quest for the Orb.
     0 | D:1      | Reached XP level 1. HP: 10/10 MP: 6/6
   115 | D:1      | Reached XP level 2. HP: 15/15 MP: 2/8
   369 | D:1      | Learned a level 2 spell: Throw Flame
   772 | D:2      | Reached XP level 3. HP: 17/19 MP: 6/10
  1841 | D:3      | Found a white marble altar of Elyvilon.
  1854 | D:3      | Became a worshipper of Elyvilon the Healer
  1972 | D:3      | Reached skill level 4 in Spellcasting
  1972 | D:3      | Reached XP level 4. HP: 24/24 MP: 10/12
  1992 | D:3      | Learned a level 3 spell: Conjure Flame
  1997 | D:3      | Learned a level 4 spell: Sticky Flame
  2600 | D:4      | Noticed Labyrinth's ghost (amateur MfTm)
  2742 | D:4      | Noticed a phantom
  2842 | D:3      | Killed a phantom
  2842 | D:3      | Reached XP level 5. HP: 26/28 MP: 1/13
  3009 | D:4      | Killed Labyrinth's ghost
  3009 | D:4      | Reached skill level 5 in Spellcasting
  3009 | D:4      | Reached skill level 5 in Fire Magic
  3009 | D:4      | Reached XP level 6. HP: 26/32 MP: 1/15
  3016 | D:4      | Learned a level 5 spell: Fireball
  3457 | D:4      | Reached * piety under Elyvilon
  3504 | D:4      | Elyvilon protects you from harm!
  3638 | D:4      | Reached skill level 5 in Conjurations
  3638 | D:4      | Reached XP level 7. HP: 36/36 MP: 10/17
  3812 | D:4      | Found a staircase to the Ecumenical Temple.
  3824 | Temple   | Entered the Ecumenical Temple
  3936 | D:5      | Entered Level 5 of the Dungeon
  4032 | D:5      | Reached skill level 6 in Spellcasting
  4201 | D:5      | Noticed shugdite's ghost (novice MiFi)
  4699 | Temple   | Fell from the grace of Elyvilon
  4699 | Temple   | Became a worshipper of Sif Muna the Loreminder
  5343 | D:6      | Reached skill level 1 in Bows
  5412 | D:6      | Noticed a two-headed ogre
  5412 | D:6      | Reached XP level 8. HP: 41/41 MP: 6/20
  6043 | D:5      | Reached skill level 7 in Spellcasting
  6818 | D:6      | Found a radiant altar of Vehumet.
  7233 | D:6      | Noticed Rwicked's ghost (novice GrEE)
  7253 | D:6      | Killed from afar by Rwicked's ghost

Skill      XL: |  1  2  3  4  5  6  7  8 |
---------------+-------------------------+-----
Fire Magic     | 4 5 6 |  6.8
Conjurations   | 2 3 4 5 6 |  6.8
Spellcasting   | 4 5 6 7 |  7.6
Bows           | 1 |  1.9
Dodging        | 3 |  3.9
Throwing       | |  0.2
Stealth        | |  2.6
Invocations    | |  0.3

Action                   |  1- 3 |  4- 6 |  7- 9 || total
-------------------------+-------+-------+-------++-------
Melee: Unarmed           |     1 |       |       ||     1
       Shortbow          |       |       |    94 ||    94
 Fire: Shortbow          |       |       |    45 ||    45
Throw: Stone             |       |       |     2 ||     2
 Cast: Flame Tongue      |    67 |    46 |    66 ||   179
       Throw Flame       |     3 |       |       ||     3
       Conjure Flame     |       |     7 |     8 ||    15
       Sticky Flame      |       |     8 |    22 ||    30
       Fireball          |       |     6 |    16 ||    22
Invok: Lesser Healing    |       |     3 |       ||     3
  Use: Scroll            |     5 |     1 |     3 ||     9
  Eat: Chunk             |     3 |     6 |     7 ||    16
       Ration            |       |     1 |     3 ||     4
Armor: Robe              |     4 |     1 |    24 ||    29
Dodge: Dodged            |     8 |    32 |   147 ||   187
